 Dungeon Crawl Stone Soup version 0.28-a0-565-g7719699fd9 (webtiles) character file.

Game seed: 1675338078257066000

72900 GordonOverkill the Archer (level 15, -10/100 HPs)
             Began as a Tengu Arcane Marksman on Oct 1, 2021.
             Was a High Priest of Okawaru.
             Mangled by a tengu warrior (12 damage)
             ... on level 13 of the Dungeon.
             The game lasted 00:57:39 (29397 turns).

GordonOverkill the Archer (Tengu Arcane Marksman)  Turns: 29397, Time: 00:57:39

Health: -10/100    AC: 28    Str: 16    XL:     15   Next: 41%
Magic:  23/23      EV: 13    Int: 14    God:    Okawaru [*****.]
Gold:   2377       SH:  5    Dex: 15    Spells: 16/16 levels left

rFire   . . .      SeeInvis .   b - +2 eveningstar (vorpal)
rCold   . . .      Faith    .   (no shield)
rNeg    . . .      Spirit   .   e - +3 chain mail
rPois   .          Reflect  +   D - +2 hat {Stlth+}
rElec   .          Harm     .   M - +2 cloak {Stlth+}
rCorr   .          Rampage  .   (no gloves)
Will    +....                   (boots unavailable)
Stlth   ++........              j - amulet of reflection
HPRegen 0.26/turn               S - +4 ring of protection
MPRegen 0.18/turn               X - +4 ring of protection

@: heroic, flying quickly and evasively, quick
A: beak, talons 3, nimble flight
a: Renounce Religion, Heroism, Finesse, Duel


You were on level 13 of the Dungeon.
You worshipped Okawaru.
Okawaru was extremely pleased with you.
You visited 3 branches of the dungeon, and saw 20 of its levels.

You collected 2412 gold pieces.
You spent 35 gold pieces at shops.

Inventory:

Hand Weapons
 a - a +4 longbow of flaming
 b - a +2 vorpal eveningstar (weapon)
 W - the +5 rapier "Gallygic" {vamp, Fragile rPois Int+7}
   (You found it on level 5 of the Lair of Beasts)

   It occasionally heals its wielder for a portion of the damage dealt when it
   wounds a living foe.
   Int:       It affects your intelligence (+7).
   rPois:     It protects you from poison.
   Fragile:   It will be destroyed if unequipped.
 Z - the +3 flail "Wumoajo" {venom, Str+4 Int+4 Dex+2}
   (You took it off Blork the orc on level 6 of the Dungeon)

   It poisons the flesh of those it strikes.
   Str:       It affects your strength (+4).
   Int:       It affects your intelligence (+4).
   Dex:       It affects your dexterity (+2).
Missiles
 c - 425 arrows
 p - 80 poisoned darts (quivered)
 E - 2 throwing nets
Armour
 e - a +3 chain mail (worn)
 D - a +2 hat of stealth (worn)
 M - a +2 cloak of stealth (worn)
 P - the +2 ring mail of Elyvilon's Castigation {+Inv}
   (You found it on level 7 of the Dungeon)

   +Inv:      It lets you turn invisible.
Jewellery
 j - an amulet of reflection (around neck)
 n - a ring of see invisible
 w - a +6 ring of dexterity
 y - a ring of protection from cold
 I - a ring of positive energy
 K - a ring of protection from cold
 S - a +4 ring of protection (left hand)
 X - a +4 ring of protection (right hand)
Wands
 i - a wand of mindburst (22)
 l - a wand of acid (20)
 m - a wand of iceblast (7)
 q - a wand of digging (14)
 F - a wand of paralysis (20)
 J - a wand of flame (4)
 N - a wand of polymorph (11)
 O - a wand of charming (6)
Scrolls
 d - a scroll of vulnerability
 f - a scroll of immolation
 h - 3 scrolls of magic mapping
 k - 2 scrolls of identify
 r - a scroll of blinking
 v - a scroll of silence
 z - 2 scrolls of fear
 C - a scroll of amnesia
 R - 3 scrolls of holy word
 T - 2 scrolls of teleportation
Potions
 g - a potion of mutation
 o - 3 potions of cancellation
 s - 2 potions of resistance
 t - 2 potions of haste
 x - a potion of magic
 A - 3 potions of berserk rage
 B - 3 potions of heal wounds
 G - 3 potions of invisibility
 H - 2 potions of brilliance
 Q - 6 potions of curing
 U - 2 potions of might
Miscellaneous
 V - a condenser vane
 Y - a phantom mirror


   Skills:
 - Level 14.0(19.0) Fighting
 - Level 5.0(10.0) Short Blades
 + Level 14.5(19.5) Maces & Flails
 + Level 14.9(19.9) Bows
 - Level 5.0(10.0) Armour
 - Level 5.0(10.0) Dodging
 - Level 1.0 Spellcasting
 - Level 2.1 Hexes
 - Level 10.0 Invocations
 - Level 3.0 Evocations


You had 16 spell levels left.
You didn't know any spells.
Your spell library contained the following spells:

 Spells                   Type           Power      Damage    Failure   Level
 Slow                     Hex            6%         N/A       86%         2
 Apportation              Tloc           0%         N/A       95%         1
 Magic Dart               Conj           0%         1d3       95%         1
 Pain                     Necr           0%         1d4       95%         1
 Sandblast                Erth           0%         2d4       95%         1
 Sting                    Tmut/Pois      0%         1d3       95%         1
 Passwall                 Tmut/Erth      0%         N/A       99%         2
 Poisonous Vapours        Pois/Air       0%         N/A       99%         2
 Inner Flame              Hex/Fire       3%         N/A       99%         3
 Portal Projectile        Hex/Tloc       6%         N/A       99%         3
 Gell's Gravitas          Tloc           0%         N/A       100%        3
 Mephitic Cloud           Conj/Pois/Air  0%         N/A       100%        3
 Stone Arrow              Conj/Erth      0%         3d7       100%        3
 Teleport Other           Tloc           0%         N/A       100%        3
 Vampiric Draining        Necr           0%         2d6       100%        3
 Cause Fear               Hex            3%         N/A       100%        4
 Leda's Liquefaction      Hex/Erth       1%         N/A       100%        4
 Olgreb's Toxic Radiance  Pois           0%         N/A       100%        4
 Alistair's Intoxication  Tmut/Pois      0%         N/A       100%        5
 Dispersal                Tloc           0%         N/A       100%        6
 Invisibility             Hex            3%         N/A       100%        6
 Orb of Destruction       Conj           0%         N/A       100%        7
 Animate Skeleton         Necr           Unusable   N/A       N/A         1
 Call Imp                 Summ           Unusable   N/A       N/A         2
 Summon Guardian Golem    Hex/Summ       Unusable   N/A       N/A         3
 Call Canine Familiar     Summ           Unusable   N/A       N/A         3
 Spellforged Servitor     Conj/Summ      Unusable   N/A       N/A         7

Dungeon Overview and Level Annotations

Branches:
Dungeon (13/15)            Temple (1/1) D:6            Lair (6/6) D:8
  Swamp (0/4) Lair:4        Snake (0/4) Lair:4        Slime (0/5) Lair:6
    Orc (0/2) D:9          Vaults (0/5) D:13

Altars:
Cheibriados
Dithmenos
Elyvilon
Kikubaaqudgha
Makhleb
Nemelex Xobeh
Okawaru

Shops:
D:2 *

Annotations:
Lair:4 2 transporters, Qeddo's ghost, journeyman DjAE


Innate Abilities, Weirdness & Mutations

You have a beak for a mouth.
You have claws for feet.
Your magical nature lets you fly swiftly and evasively.


Message History

You claw the tengu warrior, but do no damage.
You peck the tengu warrior, but do no damage.
The tengu warrior is lightly wounded.
The tengu warrior hits you with a +0 great sword!
* * * LOW HITPOINT WARNING * * *
The tengu warrior pecks you but does no damage.
The tengu warrior claws you but does no damage.
You bludgeon the tengu warrior!!
The tengu warrior is severely wounded.
Your chain mail prevents you from hitting the tengu warrior.
You claw the tengu warrior, but do no damage.
The tengu warrior is severely wounded.
You block the tengu warrior's attack.
The tengu warrior pecks you but does no damage.
The tengu warrior claws you but does no damage.
You completely miss the tengu warrior. You claw the tengu warrior.
The tengu warrior is severely wounded.
The tengu warrior hits you with a +0 great sword!
* * * LOW HITPOINT WARNING * * *
The tengu warrior pecks you but does no damage.
You block the tengu warrior's attack.
You barely miss the tengu warrior. Your kick misses the tengu warrior.
You peck the tengu warrior.
The tengu warrior is almost dead.
You block the tengu warrior's attack. The tengu warrior barely misses you.
The tengu warrior claws you.
* * * LOW HITPOINT WARNING * * *
You hit the tengu warrior.
The tengu warrior is almost dead.
You hit the tengu warrior.
The tengu warrior is almost dead.
The tengu warrior hits you with a +0 great sword!!
* * * LOW HITPOINT WARNING * * *
The tengu warrior pecks you but does no damage.
The tengu warrior claws you but does no damage.
You barely miss the tengu warrior.
You peck the tengu warrior, but do no damage.
The tengu warrior is almost dead.
The tengu warrior hits you with a +0 great sword!
You die...

#. .... #. ..... #..
..... #.# # #.....
#..# .#......
#..#####.......
#.....Q.'.....
####.#)@).#...
#^...#....#... ##
###..#....#..##.
#..#....#....###
#..######......###
#................###
#..................###
#....................#
#.....................


You could see a tengu warrior.

Vanquished Creatures
  Nessos (Lair:4)
  Josephine (Lair:4)
  2 boulder beetles (D:11)
  7 hydras
  2 centaur warriors (D:13)
  6 catoblepae
  4 two-headed ogres
  12 death yaks
  A skeletal warrior (D:13)
  Pikel (D:8)
  A lindwurm (Lair:6)
  5 manticores
  2 ugly things
  18 elephants
  Joseph (D:8)
  6 black mambas
  Maggie (D:8)
  Psyche (D:9)
  12 cane toads
  An unseen horror (D:11)
  5 rime drakes
  An efreet (D:12)
  14 komodo dragons
  A troll (D:12)
  6 polar bears
  19 blink frogs
  3 slime creatures
  Sigmund (D:6)
  5 wraiths
  4 wyverns
  A vampire (D:11)
  78 yaks
  5 basilisks
  A human (shapeshifter) (D:13)
  11 vampire mosquitoes
  A steam dragon (Lair:4)
  A warg (D:9)
  5 nagas (Lair:4)
  Duvessa (D:6)
  20 water moccasins
  2 black bears
  2 ice beasts (D:7)
  3 orc warriors
  A hornet zombie (D:6)
  2 necrophages
  3 ogres
  14 wolves
  9 centaurs
  Blork the orc (D:6)
  A kobold brigand (D:8)
  13 bullfrogs
  2 gnoll sergeants
  Dowan (D:6)
  A scorpion (D:6)
  A water moccasin skeleton (D:5)
  5 killer bees
  3 howler monkeys
  An electric eel (Lair:4)
  5 centaur zombies
  8 orc priests
  6 hounds
  A centaur skeleton (D:7)
  Crazy Yiuf (D:6)
  4 jellies
  8 iguanas
  Ijyb (D:5)
  Natasha (thrice) (D:2)
  8 orc wizards
  6 hell rats (Lair:2)
  A killer bee zombie (D:7)
  2 hound skeletons (D:4)
  3 howler monkey zombies
  9 gnolls
  6 adders
  A shadow imp (D:5)
  2 white imps
  An ufetubus (D:6)
  5 dart slugs
  24 orcs
  5 endoplasms
  2 giant cockroaches
  8 goblins
  7 hobgoblins
  13 kobolds
  3 quokkas
  9 ball pythons
  5 bats
  16 frilled lizards
  8 rats
514 creatures vanquished.

Vanquished Creatures (others)
  28 fungi
  55 plants
83 creatures vanquished.

Grand Total: 597 creatures vanquished

Notes
Turn   | Place    | Note
-------+----------+-------------------------------------------
     0 | D:1      | GordonOverkill the Tengu Arcane Marksman began the quest
                  | for the Orb.
     0 | D:1      | Reached XP level 1. HP: 12/12 MP: 3/3
   377 | D:1      | Reached XP level 2. HP: 16/16 MP: 4/4
  1217 | D:2      | Reached XP level 3. HP: 21/21 MP: 5/5
  1446 | D:2      | Found Cily's General Store.
  1465 | D:2      | Bought a scroll of fear for 35 gold pieces
  1809 | D:2      | Noticed Natasha
  1816 | D:2      | Killed Natasha
  1817 | D:2      | Reached skill level 1 in Maces & Flails
  1817 | D:2      | Reached XP level 4. HP: 17/27 MP: 6/6
  2117 | D:2      | Noticed Natasha
  2127 | D:2      | Killed Natasha
  2246 | D:2      | Noticed Natasha
  2253 | D:2      | Killed Natasha
  2254 | D:2      | Gained mutation: Your magical nature lets you fly swiftly
                  | and evasively. [Tengu growth]
  2254 | D:2      | Reached XP level 5. HP: 18/31 MP: 7/7
  3446 | D:4      | Reached XP level 6. HP: 24/37 MP: 8/8
  3556 | D:4      | Noticed a black bear
  3834 | D:4      | Killed a black bear
  4803 | D:5      | Entered Level 5 of the Dungeon
  4820 | D:5      | Reached skill level 5 in Bows
  4820 | D:5      | Reached XP level 7. HP: 43/43 MP: 9/9
  5219 | D:5      | Noticed Ijyb
  5274 | D:5      | Paralysed by Ijyb for 4 turns
  5280 | D:5      | Killed Ijyb
  5646 | D:5      | Reached skill level 1 in Short Blades
  6272 | D:6      | Reached skill level 5 in Fighting
  6272 | D:6      | Reached XP level 8. HP: 49/49 MP: 10/10
  6314 | D:6      | Reached skill level 5 in Maces & Flails
  6383 | D:6      | Noticed Duvessa
  6722 | D:6      | Killed Duvessa
  6897 | D:6      | Noticed Dowan
  6902 | D:6      | Killed Dowan
  7018 | D:6      | Noticed a two-headed ogre
  7067 | D:6      | Noticed Sigmund
  7264 | D:6      | Identified the +3 flail "Wumoajo" {venom, Str+4 Int+4
                  | Dex+2}
  7264 | D:6      | Noticed Blork the orc
  7280 | D:6      | Killed Blork the orc
  7281 | D:6      | Reached XP level 9. HP: 18/56 MP: 11/11
  7776 | D:6      | Found a runed translucent door.
  7777 | D:6      | Noticed Crazy Yiuf
  7834 | D:6      | Found a staircase to the Ecumenical Temple.
  7864 | D:6      | Killed Sigmund
  7962 | D:6      | Killed a two-headed ogre
  7963 | D:6      | Reached skill level 5 in Short Blades
  8183 | D:6      | Killed Crazy Yiuf
  9103 | D:7      | Identified the +2 ring mail of Elyvilon's Castigation
                  | {+Inv}
  9242 | D:7      | Reached XP level 10. HP: 61/64 MP: 12/12
  9611 | D:8      | Noticed Joseph
  9623 | D:8      | Killed Joseph
  9973 | D:8      | Noticed Pikel
  9984 | D:8      | Killed Pikel
  9988 | D:8      | Noticed a death yak
  9989 | D:8      | Noticed a death yak
  9991 | D:8      | Noticed a death yak
  9992 | D:8      | Noticed a death yak
  9996 | D:8      | Noticed a death yak
 10057 | D:8      | Killed a death yak
 10062 | D:8      | Noticed a death yak
 10062 | D:8      | Noticed Maggie
 10066 | D:8      | Noticed a death yak
 10072 | D:8      | Found a staircase to the Lair.
 10105 | D:8      | Found a white marble altar of Elyvilon.
 10183 | D:8      | Noticed a manticore
 10339 | D:8      | Killed a manticore
 10713 | D:7      | Killed a death yak
 10714 | D:7      | Reached skill level 10 in Bows
 10933 | D:7      | Killed a death yak
 10934 | D:7      | Reached XP level 11. HP: 66/72 MP: 13/13
 11016 | D:7      | Killed a death yak
 11017 | D:7      | Reached skill level 10 in Fighting
 11118 | D:7      | Killed a death yak
 11119 | D:7      | Reached skill level 10 in Maces & Flails
 11396 | D:7      | Killed a death yak
 11641 | D:7      | Killed a death yak
 11977 | D:8      | Found a white marble altar of Elyvilon.
 12005 | D:8      | Found a staircase to the Lair.
 12039 | D:8      | Killed Maggie
 12839 | Temple   | Entered the Ecumenical Temple
 12847 | Temple   | Became a worshipper of Warmaster Okawaru
 13553 | D:9      | Reached skill level 1 in Invocations
 13859 | D:9      | Noticed Psyche
 13866 | D:9      | Killed Psyche
 13920 | D:9      | Found a staircase to the Orcish Mines.
 14457 | D:10     | Entered Level 10 of the Dungeon
 14476 | D:10     | Reached * piety under Okawaru
 14501 | D:10     | Noticed a two-headed ogre
 14528 | D:10     | Killed a two-headed ogre
 15066 | D:11     | Noticed a four-headed hydra
 15095 | D:10     | Killed a four-headed hydra
 15095 | D:10     | Reached ** piety under Okawaru
 15422 | Lair:1   | Entered Level 1 of the Lair of Beasts
 15577 | Lair:1   | Reached skill level 1 in Armour
 15577 | Lair:1   | Reached XP level 12. HP: 47/77 MP: 16/16
 16052 | Lair:1   | Noticed a seven-headed hydra
 16568 | D:8      | Killed a one-headed hydra
 17014 | Lair:1   | Reached skill level 5 in Invocations
 17095 | Lair:1   | Reached *** piety under Okawaru
 17119 | Lair:1   | Reached skill level 5 in Dodging
 17893 | Lair:1   | Identified 2 scrolls of acquirement
 17893 | Lair:1   | Acquired a +1 hat
 17900 | Lair:1   | Acquired 1056 gold pieces
 18147 | Lair:1   | Reached skill level 5 in Armour
 18182 | Lair:2   | Reached **** piety under Okawaru
 18381 | Lair:2   | Noticed an eight-headed hydra
 18398 | Lair:2   | Killed a five-headed hydra
 18399 | Lair:2   | Reached skill level 1 in Evocations
 18904 | Lair:2   | Reached XP level 13. HP: 65/83 MP: 18/18
 20041 | Lair:3   | Reached ***** piety under Okawaru
 20595 | Lair:3   | Found a shadowy altar of Dithmenos.
 20851 | Lair:4   | Found a staircase to the Snake Pit.
 21337 | Lair:4   | Received a gift from Okawaru
 21390 | Lair:4   | Noticed Nessos
 21524 | Lair:4   | Killed Nessos
 21524 | Lair:4   | Received a gift from Okawaru
 21617 | Lair:4   | Found a staircase to the Swamp.
 21643 | Lair:4   | Received a gift from Okawaru
 21795 | Lair:4   | Received a gift from Okawaru
 22022 | Lair:4   | Noticed Josephine
 22041 | Lair:4   | Killed Josephine
 22105 | Lair:4   | Found a transporter.
 22109 | Lair:4   | Found a transporter.
 22110 | Lair:4   | Noticed Qeddo's ghost (journeyman DjAE)
 22135 | Lair:4   | Received a gift from Okawaru
 22329 | Lair:4   | Reached XP level 14. HP: 64/92 MP: 21/21
 22494 | Lair:4   | Received a gift from Okawaru
 23922 | Lair:5   | Identified the +5 rapier "Gallygic" {vamp, Fragile rPois
                  | Int+7}
 23940 | Lair:6   | Entered Level 6 of the Lair of Beasts
 24288 | Lair:6   | Received a gift from Okawaru
 24677 | Lair:6   | Received a gift from Okawaru
 24946 | Lair:6   | Found a staircase to the Slime Pits.
 24996 | Lair:6   | Identified the +7 shortbow of Otsoed {freeze, rF+ Will+}
                  | (Okawaru gifted it to you on level 6 of the Lair of Beasts)
 24996 | Lair:6   | Received a gift from Okawaru
 25024 | Lair:6   | Reached skill level 10 in Invocations
 26091 | Lair:6   | Received a gift from Okawaru
 26293 | Lair:6   | Reached XP level 15. HP: 48/100 MP: 23/23
 27431 | D:11     | Acquired a +2 vorpal eveningstar
 27575 | D:11     | Found a burning altar of Makhleb.
 27575 | D:11     | Noticed a cacodemon
 29121 | D:13     | Found a gate to the Vaults.
 29308 | D:13     | Received a gift from Okawaru
 29396 | D:13     | HP: 1/100 [tengu warrior (18)]
 29397 | D:13     | Mangled by a tengu warrior

Illustrated notes

Levels and vault maps discovered:
D:1:      shiori_arrival_oz, layout_basic, serial_rivers,
          chequers_serial_rivers_micro_c, chequers_serial_rivers_marsh,
          chequers_serial_rivers_micro_b, chequers_serial_rivers_micro_d,
          chequers_serial_rivers_micro_c
D:2:      wander_river, layout_basic, serial_shops, shop,
          minmay_misc_feat_rugged, minmay_shallow_snake_nest, uniq_natasha
D:3:      layout_basic
D:4:      layout_loops_ring, serial_forest, infiniplex_forest_straight_4,
          infiniplex_forest_clump_tiny, infiniplex_forest_straight_2,
          infiniplex_forest_lined_room_3, infiniplex_forest_fountain
D:5:      layout_layer_cave, minmay_lizard_king, uniq_ijyb
D:6:      layout_loops_ring, minmay_temple_entry_metal_lava,
          uniq_crazy_yiuf_cottage, uniq_duvessa, uniq_blork_the_orc,
          uniq_sigmund
D:7:      layout_loops_ring, kennysheep_small_spiral, minmay_between
D:8:      layout_loops_ring, elyvilon_altar_5, dpeg_lair_monsters, uniq_joseph,
          uniq_maggie, uniq_pikel
D:9:      layout_gridville, david_orc_1_choice, uniq_psyche
D:10:     layout_rooms
D:11:     layout_long_grid, makhleb_altar_promises_db
D:12:     layout_roguey
D:13:     minmay_the_grid_four_pointed_star
          [minmay_the_grid_triangle_9x9_sparse_checkered,
          minmay_the_grid_triangle_9x9_checkered,
          minmay_the_grid_triangle_9x9_negative_grid,
          minmay_the_grid_triangle_9x9_impossible_snake,
          minmay_the_grid_prize_shrinking_boxes], layout_irregular_city,
          minmay_circle_x
Temple:   nicolae_temple_the_god_donut
Lair:1:   layout_regular_city, enter_volcano_4
Lair:2:   layout_cave_shapes, chequers_serial_rivers_large_a
Lair:3:   layout_hall_layers, basic_altar, serial_bayou_shore_b
Lair:4:   layout_gridlike, swamp_mist_pool, minmay_snake_entry_guardpost_medium,
          nzn_ghost_randoct, uniq_nessos, uniq_josephine
Lair:5:   layout_regular_city, nicolae_quartered_pool_super, grunt_megastairs_4
Lair:6:   evilmike_catoblepas_cave, layout_cave_pods,
          minmay_slime_entry_pillars, grunt_megastairs_3

Skill      XL: |  1  2  3  4  5  6  7  8  9 10 11 12 13 14 15 |
---------------+----------------------------------------------+-----
Fighting       | 2 3 4 5 6 8 9 10 12 14 | 14.0
Bows           | 3 4 5 7 8 10 13 14 | 14.9
Dodging        | 3 5 |  5.0
Maces & Flails | 1 2 3 4 5 6 9 12 14 | 14.5
Short Blades   | 1 4 5 |  5.0
Invocations    | 4 5 8 10 | 10.0
Armour         | 1 5 |  5.0
Evocations     | 2 3 |  3.0
Spellcasting   | |  1.0
Hexes          | |  2.1

Action                   |  1- 3 |  4- 6 |  7- 9 | 10-12 | 13-15 || total
-------------------------+-------+-------+-------+-------+-------++-------
Melee: Spear             |    23 |       |       |       |       ||    23
       Whip              |    31 |   112 |   106 |       |       ||   249
       Kick              |    13 |    35 |    75 |   225 |   335 ||   683
       Peck              |     2 |    20 |    47 |   155 |   206 ||   430
       Dagger            |       |       |    48 |       |       ||    48
       Flail             |       |       |    69 |   461 |   521 ||  1051
       Scythe            |       |       |       |    11 |    11 ||    22
       Punch             |       |       |       |     1 |    14 ||    15
       Eveningstar       |       |       |       |       |   126 ||   126
 Fire: Shortbow          |    38 |    23 |    29 |    11 |     6 ||   107
       Longbow           |       |       |       |       |   382 ||   382
Throw: Dart              |       |       |     6 |    75 |     1 ||    82
Invok: Heroism           |       |       |       |     9 |    43 ||    52
Evoke: Wand              |       |       |    15 |    12 |    10 ||    37
  Use: Scroll            |       |     6 |       |    20 |    10 ||    36
       Potion            |       |       |     3 |     5 |     3 ||    11
 Stab: Sleeping          |     2 |       |       |     3 |     1 ||     6
       Paralysed         |       |       |     9 |     3 |     5 ||    17
Armor: Ring mail         |     7 |    22 |    18 |   118 |   197 ||   362
       Robe              |     1 |       |       |       |       ||     1
       Scale mail        |       |       |    35 |       |       ||    35
       Chain mail        |       |       |       |       |   100 ||   100
Dodge: Dodged            |    29 |    63 |   120 |   299 |   663 ||  1174
Block: Other             |       |       |     1 |    93 |   166 ||   260
       Reflection        |       |       |       |     3 |     3 ||     6

Table legend: (Time is in decaauts)
 A = Elapsed time spent in this place.
 B = Non-inter-level travel time spent in this place.
 C = Inter-level travel time spent in this place.
 D = Time resting spent in this place.
 E = Time spent auto-exploring this place.
 F = Levels seen in this place.
 G = Mean time per level.
                   A        B        C        D        E       F      G
               +--------+--------+--------+--------+--------+-----+--------+
         Total |  27810 |  26444 |   1366 |   7908 |  13222 |  20 | 1390.5 |
       Dungeon |  17496 |  16456 |   1040 |   5063 |   8060 |  13 | 1345.8 |
        Temple |     13 |      8 |      5 |      0 |      0 |   1 |   13.0 |
          Lair |  10301 |   9981 |    320 |   2844 |   5162 |   6 | 1716.8 |
               +--------+--------+--------+--------+--------+-----+--------+

Top non-repeatable levels by time:
  Lair:6: 2552 daAuts
     D:8: 2531 daAuts
     D:7: 2383 daAuts
  Lair:1: 2060 daAuts
     D:5: 1977 daAuts
     D:4: 1597 daAuts
  Lair:4: 1538 daAuts
     D:2: 1404 daAuts
  Lair:5: 1397 daAuts
  Lair:3: 1395 daAuts
     D:6: 1374 daAuts
  Lair:2: 1356 daAuts
     D:9: 1209 daAuts
     D:1: 1173 daAuts
    D:12: 1038 daAuts
